Map: King Sejong Station LE

Players

Fropez

  • Race: Protoss Protoss
  • League: Silver
  • Spawn Location: 5:00

Urbaninja - Winner!

  • Race: Zerg Zerg
  • League: Silver
  • Spawn Location: 11:00

VOD

Have the link to the VOD?

Description

Time

  • Played on: June 2, 2016, 12:31 p.m.
  • Length: 20:13
Show
View Real Time Build Order
Export as new Build Order

Fropez Protoss 

Build Orders:  

Get SALT Encoding   

  12  0:01  Probe (Chrono Boost)  
  13  0:12  Probe (Chrono Boost)  
  14  0:20  Pylon  
  14  0:23  Probe (Chrono Boost)  
  15  0:38  Probe (Chrono Boost), Gateway  
  15  0:41  Gateway  
  16  0:49  Probe (Chrono Boost)  
  17  0:51  Assimilator  
  17  0:59  Probe (Chrono Boost)  
  18  1:10  Probe (Chrono Boost)  
  19  1:11  Pylon  
  19  1:21  Pylon, Probe (Chrono Boost)  
  20  1:31  Probe (Chrono Boost)  
  21  1:37  Pylon  
  21  1:38  Cybernetics Core  
  21  1:43  Probe (Chrono Boost)  
  22  1:52  Zealot (Chrono Boost)  
  24  1:54  Probe (Chrono Boost)  
  24  1:59  Assimilator  
  25  2:05  Probe  
  26  2:15  Warp Gate (Chrono Boost)  
  26  2:17  Mothership Core (Chrono Boost)  
  28  2:36  Gateway  
  27  2:38  Probe (Chrono Boost)  
  28  2:44  Pylon  
  28  2:49  Probe (Chrono Boost)  
  29  2:55  Gateway  
  27  2:59  Probe (Chrono Boost)  
  28  3:13  Probe, Gateway  
  29  3:23  Zealot  
  29  3:25  Forge  
  29  3:26  Probe  
  31  4:05  Protoss Ground Weapons Level 1 (Chrono Boost)  
  31  4:06  Probe  
  32  4:15  Zealot  
  32  4:16  Zealot x2  
  38  4:30  Probe  
  39  4:34  Gateway  
  37  4:40  Zealot x3  
  39  5:07  Pylon  
  39  5:10  Pylon  
  39  5:23  Probe  
  39  5:25  Zealot x3  
  36  5:47  Stalker x2  
  36  5:48  Stalker  
  42  5:50  Probe  
  43  5:59  Protoss Ground Armor Level 1 (Chrono Boost)  
  41  6:15  Probe  
  42  6:20  Stalker  
  42  6:21  Stalker  
  46  6:30  Pylon  
  46  6:33  Probe  
  46  6:39  Gateway  
  47  6:44  Pylon  
  47  6:46  Pylon  
  47  6:48  Probe  
  47  6:50  Photon Cannon  
  48  7:00  Pylon  
  48  7:15  Probe  
  49  7:23  Pylon  
  49  7:26  Nexus  
  49  7:30  Pylon  
  49  7:32  Pylon  
  49  7:34  Twilight Council  
  49  7:39  Probe  
  50  7:46  Pylon  
  51  7:51  Probe  
  51  7:55  Sentry x5  
  61  8:09  Probe  
  62  8:26  Charge  
  62  8:32  Probe  
  63  8:53  Probe, Assimilator  
  64  8:57  Assimilator  
  64  9:05  Zealot, Protoss Ground Weapons Level 2 (Chrono Boost)  
  64  9:06  Zealot x3  
  72  9:22  Probe, Gateway  
  72  9:23  Probe  
  74  9:24  Gateway  
  74  9:35  Probe  
  72  10:10  Dark Shrine  
  72  10:11  Pylon  
  72  10:15  Zealot x5  
  82  10:52  Probe  
  82  10:53  Probe  
  84  11:01  Pylon  
  84  11:05  Pylon  
  84  11:15  Gateway  
  84  11:16  Photon Cannon  
  84  11:26  Gateway  
  84  11:28  Gateway  
  84  11:29  Pylon, Probe  
  84  11:30  Probe  
  86  11:36  Pylon  
  86  11:39  Pylon  
  86  11:41  Blink  
  86  11:42  Protoss Ground Weapons Level 3 (Chrono Boost)  
  86  11:43  Probe x2  
  88  11:53  Probe  
  88  11:55  Probe  
  90  12:04  Probe  
  91  12:16  Stalker x2  
  91  12:17  Stalker  
  97  12:59  Dark Templar x2  
  97  13:00  Dark Templar x5  
  111  13:32  Nexus  
  111  13:38  Pylon x2  
  111  13:49  Pylon  
  73  15:21  Stalker x4  
  65  15:22  Stalker x6  
  65  15:26  Probe x2  
  65  15:28  Probe  
  84  15:50  Stalker x3  
  84  15:51  Stalker x4  
  84  15:52  Stalker  
  98  16:04  Dark Templar x2  
  102  16:13  Photon Cannon  
  84  16:39  Pylon x2  
  29  17:32  Stalker x5  
Show
View Real Time Build Order
Export as new Build Order

Urbaninja Zerg - Winner!

Build Orders: Pool First, Lurkers 

Get SALT Encoding   

  12  0:01  Drone  
  13  0:08  Drone  
  14  0:27  Spawning Pool  
  13  0:38  Extractor  
  13  0:39  Drone x2  
  13  0:40  Extractor  
  13  0:43  Drone  
  15  0:52  Overlord  
  15  1:14  Zergling x4  
  15  1:17  Queen  
  19  1:23  Zergling x2  
  20  1:35  Zergling x2  
  20  1:38  Metabolic Boost  
  21  1:44  Overlord  
  21  1:57  Zergling x2  
  22  2:06  Zergling x2  
  21  2:35  Hatchery  
  20  2:43  Zergling x4  
  20  2:44  Zergling x4  
  24  3:04  Zergling x4  
  25  3:12  Lair  
  24  3:49  Zergling x8  
  24  3:59  Overlord  
  24  4:01  Zergling x6  
  24  4:02  Zergling x2  
  26  4:10  Drone  
  26  4:11  Baneling Nest  
  26  4:14  Overlord x2  
  26  4:17  Queen  
  28  4:28  Zergling x4  
  28  4:46  Zergling x10  
  33  4:56  Drone  
  33  4:57  Drone  
  35  5:00  Baneling  
  35  5:01  Baneling  
  35  5:04  Baneling  
  35  5:05  Baneling  
  35  5:09  Zergling x2  
  24  5:44  Drone x2  
  24  5:45  Zergling x4, Drone x3  
  24  5:46  Zergling x2  
  29  6:12  Drone  
  29  6:13  Drone x5  
  34  6:25  Zergling x4  
  36  6:30  Spine Crawler  
  35  6:34  Spine Crawler  
  34  6:41  Zergling x4  
  34  6:42  Zergling x2  
  34  6:43  Zergling x2  
  34  6:46  Drone  
  39  6:48  Drone  
  38  7:12  Drone  
  38  7:13  Drone x8  
  46  7:20  Extractor, Drone x3  
  48  7:48  Hatchery  
  47  7:57  Zergling x10  
  52  8:02  Overlord x2  
  52  8:03  Overlord x2  
  52  8:11  Hydralisk Den  
  51  8:20  Spore Crawler  
  51  8:25  Spore Crawler  
  51  8:27  Baneling x3  
  49  8:30  Drone  
  49  8:31  Drone x8  
  58  8:56  Queen  
  60  9:04  Queen  
  62  9:10  Drone  
  62  9:11  Drone x10  
  62  9:16  Queen  
  75  9:31  Extractor  
  74  9:43  Extractor  
  73  9:46  Extractor  
  72  10:05  Drone  
  72  10:06  Drone x2  
  75  10:14  Queen  
  75  10:17  Queen  
  75  10:19  Queen  
  75  10:20  Lurker Den  
  81  10:24  Hydralisk  
  81  10:25  Hydralisk x4  
  81  10:27  Overlord x3  
  89  10:41  Spine Crawler  
  88  10:44  Hydralisk x2  
  88  10:45  Hydralisk x6  
  88  10:48  Overlord x4  
  104  11:42  Hydralisk x3  
  104  11:43  Hydralisk x13  
  104  11:45  Overlord x3  
  104  11:46  Overlord  
  136  11:50  Overseer  
  136  12:33  Lurker x2  
  136  12:34  Lurker x5  
  136  12:35  Lurker x3  
  146  12:38  Muscular Augments  
  146  12:51  Evolution Chamber  
  145  12:54  Evolution Chamber  
  144  13:01  Overlord  
  144  13:02  Overlord x4  
  144  13:17  Hydralisk x8  
  144  13:19  Overlord  
  160  13:20  Overlord x2  
  160  13:24  Overseer  
  160  13:28  Overseer x2  
  160  13:35  Extractor  
  159  13:43  Hydralisk  
  159  13:44  Hydralisk x12  
  185  13:53  Zerg Missile Weapons Level 1  
  174  14:49  Hydralisk  
  174  14:50  Hydralisk x5  
  166  15:18  Lair  
  105  18:26  Extractor  
  97  18:32  Extractor  
  88  18:50  Hatchery  
  85  19:05  Hatchery  
  84  19:32  Drone  
Tags
 
Composition
Lurkers
Matchup
PvZ
Opening
Pool First
Replay Pack
All Mines
Spawn Locations
Cross Positions
Add a new tag
Caveats
  • Supply blocks, unpowered buildings, or Contaminate may cause inaccurate times.
  • Supply counts are checked every 10 seconds.